 Dungeon Crawl Stone Soup version 0.25-a0-365-g7600c65aa0 (webtiles) character file.

Game seed: 8298797716590135984, levelgen mode: deterministic

247 Inarius the Skirmisher (level 5, -10/42 HPs)
             Began as a Demonspawn Abyssal Knight on Jan 5, 2020.
             Was a Believer of Lugonu.
             Killed by divine providence
             ... invoked by an orc priest
              (12 damage)
             ... on level 3 of the Dungeon.
             The game lasted 00:04:55 (2925 turns).

Inarius the Skirmisher (Demonspawn Abyssal Knight)  Turns: 2925, Time: 00:04:55

Health: -10/42     AC:  5    Str: 13    XL:     5   Next: 85%
Magic:  7/7        EV: 11    Int: 14    God:    Lugonu [**....]
Gold:   113        SH:  0    Dex: 12    Spells: 4/4 levels left

rFire    . . .     SeeInvis .   a - +1 hand axe
rCold    . . .     Gourm    .   (no shield)
rNeg     . . .     Faith    .   p - +0 ring mail
rPois    .         Spirit   .   (helmet restricted)
rElec    .         Reflect  .   (no cloak)
rCorr    .         Harm     .   (no gloves)
MR       .....                  (no boots)
Stlth    +.........             (no amulet)
HPRegen  0.14/turn              (no ring)
MPRegen  0.10/turn              (no ring)

@: no status effects
A: claws 1, horns 1, powered by pain 1
a: Depart the Abyss, Bend Space, Renounce Religion


You were on level 3 of the Dungeon.
You worshipped Lugonu.
Lugonu was pleased with you.
You were not hungry.

You visited 1 branch of the dungeon, and saw 3 of its levels.
You visited the Abyss 1 time.

You collected 113 gold pieces.

Inventory:

Hand Weapons
 a - a +1 hand axe (weapon)
Armour
 p - a +0 ring mail (worn)
Scrolls
 d - 2 scrolls of enchant weapon {unknown}
 g - 4 scrolls of identify {unknown}
 h - a scroll of teleportation {unknown}
Potions
 b - 2 potions of curing
 e - a potion of might
 k - a potion of magic
 m - a potion of brilliance {unknown}
 n - a potion of cancellation {unknown}
Comestibles
 c - a ration


   Skills:
 + Level 4.2 Fighting
 - Level 2.4 Axes
 + Level 2.7 Armour
 + Level 2.1 Dodging
 * Level 1.7 Unarmed Combat
 * Level 3.9 Invocations


You had 4 spell levels left.
You didn't know any spells.
Your spell library was empty.

Dungeon Overview and Level Annotations

Branches:
Dungeon (3/15)

Altars:
Trog


Innate Abilities, Weirdness & Mutations

You have sharp fingernails.
You have a pair of small horns on your head.
You sometimes gain a little power by taking damage.


Message History

You are too injured to fight recklessly!
You are too injured to fight recklessly!
You are too injured to fight recklessly!
You are too injured to fight recklessly!
You closely miss the orc priest.
The orc priest is almost dead.
The orc priest hits you with a +0 mace.
* * * LOW HITPOINT WARNING * * *
You closely miss the orc priest.
The orc priest is almost dead.
The orc priest hits you with a +0 mace.
* * * LOW HITPOINT WARNING * * *
You hit the orc priest.
The orc priest is almost dead.
The orc priest hits you but does no damage.
You closely miss the orc priest.
The orc priest is almost dead.
The orc priest calls down the wrath of Beogh upon you.
Beogh smites you!
You die...

%# ## .. . .# #.
### ####.# #. #..
..#.# #..#.# #.#.#
#..#?#####.#.#.#.##
#..[)..............
#..#@#####.#.#.#.##
# #o#.....#.#
#.#...###.#
#.#.......#
..#.#.##### ###.#.#
#.#.# ####.#.#
#..#.#.#


You could see an orc priest.

Vanquished Creatures
  Sigmund (D:2)
  Robin (D:2)
  2 oozes
  A worm (D:2)
  2 dart slugs (D:1)
  4 orcs (D:3)
  2 giant cockroaches (D:1)
  16 goblins
  11 hobgoblins
  8 kobolds
  A ball python (D:1)
  5 bats
  5 frilled lizards
  5 rats
64 creatures vanquished.

Notes
Turn   | Place    | Note
-------+----------+-------------------------------------------
     0 | Abyss:1  | Inarius the Demonspawn Abyssal Knight began the quest for
                  | the Orb.
     0 | Abyss:1  | Reached XP level 1. HP: 18/18 MP: 2/2
     5 | Abyss:1  | Noticed a blink frog
     5 | Abyss:1  | Noticed a blink frog
     5 | Abyss:1  | Noticed a blink frog
    12 | D:1      | Escaped the Abyss
   104 | D:1      | Reached * piety under Lugonu
   104 | D:1      | Reached skill level 1 in Dodging
   132 | D:1      | Gained mutation: You sometimes gain a little power by
                  | taking damage. [demonic ancestry]
   132 | D:1      | Reached XP level 2. HP: 22/24 MP: 3/3
   650 | D:1      | Gained mutation: You have sharp fingernails. [demonic
                  | ancestry]
   650 | D:1      | Reached XP level 3. HP: 29/29 MP: 4/4
  1111 | D:2      | Found a bloodstained altar of Trog.
  1444 | D:2      | Reached ** piety under Lugonu
  1643 | D:2      | Noticed Robin
  1804 | D:1      | Reached XP level 4. HP: 19/37 MP: 6/6
  1959 | D:2      | Killed Robin
  2244 | D:2      | Noticed a sky beast
  2492 | D:2      | Noticed Sigmund
  2539 | D:2      | Killed Sigmund
  2539 | D:2      | Reached skill level 4 in Fighting
  2539 | D:2      | Reached skill level 1 in Unarmed Combat
  2539 | D:2      | Gained mutation: You have a pair of small horns on your
                  | head. [demonic ancestry]
  2539 | D:2      | Reached XP level 5. HP: 6/42 MP: 7/7
  2923 | D:3      | HP: 2/42 [orc priest/+0 mace (5)]
  2925 | D:3      | Killed from afar by an orc priest

Levels and vault maps discovered:
D:1:      dpeg_arrival_tiny_k, layout_basic
D:2:      layout_basic, minmay_misc_feat_rugged, bloody_trog, uniq_robin,
          uniq_sigmund
D:3:      layout_basic, chequers_ecumenical_altar_simple, ebering_ghost_gozag

Skill      XL: |  1  2  3  4 |
---------------+-------------+-----
Dodging        | 1 2 |  2.1
Axes           | 2 |  2.4
Armour         | 2 |  2.7
Invocations    | 3 |  3.9
Fighting       | 4 |  4.2
Unarmed Combat | 1 |  1.7

Action                   |  1- 3 |  4- 6 || total
-------------------------+-------+-------++-------
Melee: Hand axe          |   114 |    60 ||   174
       Punch             |     1 |       ||     1
       Headbutt          |       |     3 ||     3
Invok: Depart the Abyss  |     1 |       ||     1
       Bend Space        |       |     3 ||     3
  Use: Potion            |       |     5 ||     5
  Eat: Chunk             |     3 |     3 ||     6
Armor: Leather armour    |    42 |     9 ||    51
       Ring mail         |       |    13 ||    13
Dodge: Dodged            |    99 |    28 ||   127

Table legend:
 A = Non-vault XP
 B = Vault XP
 C = Vault XP percentage of total XP
 D = Non-vault monster count
 E = Vault monster count
 F = Vault count percentage of total count
                 A         B        C        D         E       F
            +---------+---------+-------+---------+---------+-------
      Total |     102 |     251 |  71.1 |      50 |      14 |  21.9
            +---------+---------+-------+---------+---------+-------
        D:1 |      57 |      14 |  19.7 |      30 |       7 |  18.9
        D:2 |      33 |     237 |  87.8 |      16 |       7 |  30.4
        D:3 |      12 |       0 |   0.0 |       4 |       0 |   0.0
            +---------+---------+-------+---------+---------+-------
